 Dungeon Crawl Stone Soup version 0.30-a0-748-ge6a52f7cba (webtiles) character file.

Game seed: 4854608054870106340

117746 Darius099 the Severer (level 16, -11/144 HPs)
             Began as a Minotaur Fighter on Feb 8, 2023.
             Was a High Priest of Okawaru.
             Mangled by a boulder beetle (32 damage)
             ... on level 4 of the Spider Nest.
             The game lasted 01:42:39 (26566 turns).

Darius099 the Severer (Minotaur Fighter)           Turns: 26566, Time: 01:42:40

Health: -11/144    AC: 40    Str: 29    XL:     16   Next: 23%
Magic:  22/24      EV:  9    Int:  5    God:    Okawaru [*****.]
Gold:   3237       SH: 21    Dex: 10    Spells: 15/15 levels left

rFire   . . .      SeeInvis +    O - +3 broad axe (freeze)
rCold   . . .      Faith    .    P - +2 kite shield
rNeg    . . .      Spirit   .    c - +1 crystal plate armour of Okawaru's Delight {Fly rCorr}
rPois   +          Reflect  +    (helmet restricted)
rElec   +          Harm     .    A - +0 cloak of Dawn {rElec rPois SInv Stlth-}
rCorr   +          Rampage  .    w - +2 pair of gloves
Will    +....                    K - +2 pair of boots Stlth
                                 T - amulet of reflection
HPRegen 0.44/turn                X - +4 ring of protection
MPRegen 0.19/turn                E - +4 ring of protection

@: heroic, corroded, flying
A: horns 2, retaliatory headbutt
a: Renounce Religion, Heroism, Finesse, Duel


You were on level 4 of the Spider Nest.
You worshipped Okawaru.
Okawaru was extremely pleased with you.
You visited 5 branches of the dungeon, and saw 24 of its levels.

You collected 3657 gold pieces.
You spent 420 gold pieces at shops.

Inventory:

Hand Weapons
 O - a +3 broad axe of freezing (weapon)
Missiles
 h - 7 silver javelins
 r - 147 stones (quivered)
 F - 5 silver boomerangs
 J - 13 boomerangs
 L - 9 poisoned darts
 M - 3 javelins
Armour
 c - the +1 crystal plate armour of Okawaru's Delight (worn) {Fly rCorr}
   (Okawaru gifted it to you on level 3 of the Lair of Beasts)

   Fly:       It grants you flight.
   rCorr:     It protects you from acid and corrosion.
 v - a +2 cloak
 w - a +2 pair of gloves (worn)
 A - the +0 cloak of Dawn (worn) {rElec rPois SInv Stlth-}
   (Okawaru gifted it to you on level 2 of the Spider Nest)

   rElec:     It insulates you from electricity.
   rPois:     It protects you from poison.
   SInv:      It lets you see invisible.
   Stlth:     It makes you less stealthy.
 K - a +2 pair of boots (worn)
 P - a +2 kite shield (worn)
Jewellery
 a - a ring of protection from cold
 f - a ring of protection from cold
 y - a +6 ring of intelligence
 D - a ring of willpower
 E - a +4 ring of protection (right hand)
 H - a ring of flight
 T - an amulet of reflection (around neck)
 X - a +4 ring of protection (left hand)
Wands
 i - a wand of iceblast (8)
 t - a wand of polymorph (3)
 x - a wand of acid (4)
 G - a wand of flame (42)
 W - a wand of mindburst (9)
 Y - a wand of paralysis (9)
Scrolls
 j - 2 scrolls of fear
 k - 5 scrolls of poison
 l - 6 scrolls of teleportation
 m - a scroll of magic mapping
 z - 4 scrolls of identify
 B - 2 scrolls of immolation
 N - a scroll of brand weapon
 R - a scroll of torment
 V - a scroll of fog
Potions
 d - 3 potions of might
 e - a potion of curing
 g - 3 potions of cancellation
 n - 2 potions of brilliance
 o - 3 potions of flight
 p - 4 potions of mutation
 q - 2 potions of haste
 s - 4 potions of lignification
 u - a potion of berserk rage
 C - 2 potions of resistance
 I - a potion of invisibility
 S - 5 potions of ambrosia
 Z - a potion of heal wounds
Miscellaneous
 b - a tin of tremorstones (2/2)


   Skills:
 + Level 13.2(18.2) Fighting
 - Level 18.0(23.0) Axes
 - Level 10.0(15.0) Throwing
 + Level 13.2(18.2) Armour
 + Level 4.7(9.7) Dodging
 + Level 13.2(18.2) Shields
 + Level 12.1 Invocations
 - Level 8.0 Evocations


You had 15 spell levels left.
You didn't know any spells.
Your spell library contained the following spells:

 Spells                   Type           Power      Damage    Failure   Level
 Apportation              Tloc           0%         N/A       100%        1
 Necrotise                Necr           0%         1d4       100%        1
 Sandblast                Erth           0%         2d4       100%        1
 Shock                    Conj/Air       0%         1d3       100%        1
 Sting                    Tmut/Pois      0%         1d3       100%        1
 Passwall                 Tmut/Erth      0%         N/A       100%        2
 Poisonous Vapours        Pois/Air       0%         N/A       100%        2
 Sublimation of Blood     Necr           0%         N/A       100%        2
 Ignite Poison            Fire/Tmut/Pois 0%         N/A       100%        3
 Inner Flame              Hex/Fire       0%         N/A       100%        3
 Stone Arrow              Conj/Erth      0%         3d7       100%        3
 Swiftness                Air            0%         N/A       100%        3
 Vampiric Draining        Necr           0%         2d6       100%        3
 Airstrike                Air            0%         2d(0-16)  100%        4
 Flame Wave               Conj/Fire      0%         2d4       100%        4
 Leda's Liquefaction      Hex/Erth       0%         N/A       100%        4
 Olgreb's Toxic Radiance  Pois           0%         N/A       100%        4
 Passage of Golubria      Tloc           0%         N/A       100%        4
 Petrify                  Tmut/Erth      0%         N/A       100%        4
 Sticky Flame             Conj/Fire      0%         2d3       100%        4
 Agony                    Necr           0%         N/A       100%        5
 Blade Hands              Tmut           0%         N/A       100%        5
 Fireball                 Conj/Fire      0%         3d3       100%        5
 Irradiate                Conj/Tmut      0%         3d11      100%        5
 Iskenderun's Battlesphe  Conj           0%         2d6       100%        5
 Lee's Rapid Deconstruct  Erth           0%         3d4*      100%        5
 Lightning Bolt           Conj/Air       0%         1d11      100%        5
 Yara's Violent Unravell  Hex/Tmut       0%         3d3       100%        5
 Conjure Ball Lightning   Conj/Air       0%         3x3d6     100%        6
 Iron Shot                Conj/Erth      0%         9d1       100%        6
 Statue Form              Tmut/Erth      0%         N/A       100%        6
 Orb of Destruction       Conj           0%         9d5       100%        7
 Ignition                 Fire           0%         3d3       100%        8
 Summon Small Mammal      Summ           Unusable   N/A       N/A         1
 Tukima's Dance           Hex            Unusable   N/A       N/A         3
 Animate Armour           Summ/Erth      Unusable   N/A       N/A         4
 Summon Lightning Spire   Summ/Air       Unusable   N/A       N/A         4

Dungeon Overview and Level Annotations

Branches:
Dungeon (12/15)            Temple (0/1) D:7            Lair (5/5) D:11
  Swamp (0/4) Lair:3       Spider (4/4) Lair:3        Slime (0/5) Lair:4
    Orc (2/2) D:9             Elf (1/3) Orc:2

Altars:
Elyvilon
Gozag
Hepliaklqana
Kikubaaqudgha
Nemelex Xobeh
Okawaru
Ru
Sif Muna
Trog
Uskayaw
Vehumet
Wu Jian
Xom
Yredelemnul
Zin
The Shining One
Jiyva

Shops:
D:10 *   Orc:2 ?!(*

Annotations:
D:5 2 transporters, Unforgiven's ghost, amateur DECj
D:12 Azrael
Lair:4 exclusion: oklob plant
Spider:2 exclusion: 2 ice statues


Innate Abilities, Weirdness & Mutations

You have a pair of horns on your head.
You reflexively headbutt those who attack you in melee.


Message History

The boulder beetle looks frightened!
The steelbarb worm resists with some effort.
The jumping spider looks frightened!
The jumping spider leaps!
The boulder beetle leaps! x3; The jumping spider leaps!
You slice the steelbarb worm simulacrum!!
The steelbarb worm simulacrum is severely damaged.
The boulder beetle leaps!
The jumping spider leaps!
The boulder beetle leaps! x2
The steelbarb worm simulacrum closely misses you.
You slash the steelbarb worm simulacrum!
The steelbarb worm simulacrum vaporises!
The boulder beetle leaps! x2
The tarantella simulacrum attacks as you move away!
You block the tarantella simulacrum's attack.
The steelbarb worm attacks as you move away!
The steelbarb worm hits you but does no damage.
The boulder beetle leaps! x2
Things that are here:
a demonic crawler corpse; a culicivora corpse; a redback corpse You are caught in the web!
The entropy weaver gestures at you while chanting.
The entropic weave corrodes you!
There is a web here.
You disentangle yourself.
The boulder beetle seems to regain its courage.
The tarantella simulacrum hits you but does no damage.
You block the steelbarb worm's attack.
You block the tarantella simulacrum's attack.
Cornered, the demonic crawler turns to fight!
The tarantella simulacrum evades a web.
The boulder beetle curls into a ball and begins rolling!
Press: ? - help, v - describe, . - travel The floor.
The tarantella simulacrum is caught in a web!
The boulder beetle curls into a ball and begins rolling!
You block the steelbarb worm's attack.
The steelbarb worm attacks as you move away!
You block the steelbarb worm's attack.
The tarantella simulacrum struggles to get unstuck from the web.
The boulder beetle hits you!!
You die...

#################
####.#.....#...°.†..
#.^......#....#.†..^
##^..#.....s..^°.....
#..^...^...†..†.#..#. ###
#^#s..#ZB°)..#°.#....
##^####.#°..w##†)..^#...#..
#.....B...B..#######.......
## #......#..@.## #^.....
.## ###..#†..#....# ##.....
..###.....#....#^## .y^#^
.....#...#.#...### B..##
..........#..### #...
..#^..#...#### ...^#.#...#
#.#^#...### #......##


You could see 2 boulder beetles, an entropy weaver, a steelbarb worm (soul
bound), 2 demonic crawlers and a tarantella simulacrum (webbed).

Vanquished Creatures
  Arachne (Spider:3)
  Donald (Spider:3)
  An emperor scorpion (Spider:3)
  2 ghost moths (Spider:3)
  A spark wasp (Spider:1)
  A minotaur (Lair:3)
  A fire dragon (Lair:5)
  3 entropy weavers
  Erolcha (D:11)
  A jorogumo (Spider:4)
  An ice dragon (Lair:5)
  2 hydras (Lair:5)
  2 ogre magi (Orc:2)
  13 two-headed ogres
  Erica (Lair:1)
  2 boulder beetles
  4 death yaks (Lair:5)
  An orc high priest (Orc:1)
  Amaemon (Lair:2)
  Nergalle (Lair:2)
  A skeletal warrior (D:9)
  9 pharaoh ants
  12 orb spiders
  A swamp dragon (Lair:5)
  2 deep trolls (Orc:2)
  2 lindwurms (Lair:5)
  A bog body (Lair:3)
  4 steelbarb worms
  An orc knight (Orc:1)
  2 orc sorcerers
  A deep elf pyromancer (D:12)
  An oklob plant (Lair:2)
  15 elephants
  2 ugly things
  6 wolf spiders
  5 cyclopes
  3 manticores
  2 moths of wrath
  7 demonic crawlers
  3 black mambas
  An orange demon (Lair:2)
  A gargoyle (D:11)
  10 cane toads
  A rime drake (Lair:4)
  8 torpor snails
  A spectral unseen horror (D:9)
  An unseen horror (D:12)
  9 komodo dragons
  2 meliai (Spider:4)
  5 polar bears
  9 hornets (Lair:5)
  11 trolls
  3 tyrant leeches (Lair:5)
  24 tarantellas
  21 blink frogs
  16 dream sheep
  5 slime creatures (D:12)
  2 vampires
  27 jumping spiders
  3 shadows
  36 yaks
  15 culicivoras
  3 wyverns
  4 wraiths
  An unseen horror simulacrum (D:9)
  3 steam dragons
  3 fire elementals
  30 redbacks
  6 basilisks
  Menkaure (D:4)
  4 vampire mosquitoes (D:12)
  3 acid dragons
  2 wargs (Orc:1)
  Duvessa (D:4)
  A two-headed ogre zombie (D:9)
  8 water moccasins
  A hell hound (D:12)
  A swamp drake (Lair:5)
  19 orc warriors
  5 black bears
  An ice beast (D:6)
  A sky beast (D:7)
  22 ogres
  9 wolves (Lair:3)
  4 centaurs
  4 phantoms
  A kobold brigand (D:8)
  16 bullfrogs
  A gnoll sergeant (D:10)
  5 scorpions
  5 wights (D:10)
  Dowan (D:4)
  2 troll zombies (D:9)
  3 killer bees (D:9)
  7 howler monkeys
  2 electric eels
  A spectral centaur (D:9)
  A jelly (D:6)
  A gnoll bouda (D:8)
  19 orc priests
  10 hounds
  8 iguanas
  33 orc wizards
  5 ogre zombies (D:9)
  A centaur simulacrum (D:9)
  8 gnolls
  5 adders
  A shadow imp (D:6)
  2 white imps
  2 ufetubi
  4 worms
  2 dart slugs
  69 orcs
  4 ball pythons
  7 endoplasms
  4 giant cockroaches
  5 goblins
  17 hobgoblins
  8 jackals
  6 quokkas
  4 bats
  2 goblin skeletons (D:9)
  2 goblin zombies (D:9)
  3 hobgoblin zombies (D:9)
  14 kobolds
  5 orc skeletons (D:9)
  13 orc zombies (D:9)
  4 rats
  A butterfly (Lair:5)
783 creatures vanquished.

Vanquished Creatures (others)
  A tarantella (Spider:4)
  A swamp drake (Lair:5)
  An orc wizard (D:9)
  24 fungi
  57 plants
  19 withered plants (D:9)
103 creatures vanquished.

Grand Total: 886 creatures vanquished

Notes
Turn   | Place    | Note
-------+----------+-------------------------------------------
     0 | D:1      | Darius099 the Minotaur Fighter began the quest for the Orb.
     0 | D:1      | Reached XP level 1. HP: 19/19 MP: 0/0
   175 | D:1      | Reached XP level 2. HP: 21/27 MP: 1/1
   377 | D:1      | Reached skill level 3 in Axes
  1001 | D:2      | Reached XP level 3. HP: 33/33 MP: 2/2
  1340 | D:2      | Reached skill level 4 in Axes
  1806 | D:3      | Reached XP level 4. HP: 40/40 MP: 3/3
  1956 | D:3      | Found an ornate altar of the Wu Jian Council.
  2108 | D:3      | Reached skill level 5 in Axes
  2373 | D:4      | Reached XP level 5. HP: 46/46 MP: 4/4
  2379 | D:4      | Noticed Menkaure
  2384 | D:4      | Killed Menkaure
  2385 | D:4      | Reached skill level 7 in Axes
  2385 | D:4      | Reached XP level 6. HP: 52/52 MP: 5/5
  2473 | D:4      | Reached skill level 8 in Axes
  2684 | D:4      | Found a shimmering blue altar of Sif Muna.
  2685 | D:4      | Found a hazy altar of Hepliaklqana.
  2687 | D:4      | Found a white marble altar of Elyvilon.
  2911 | D:4      | Noticed Duvessa
  2911 | D:4      | Noticed Dowan
  2930 | D:4      | Killed Duvessa
  2931 | D:4      | Reached skill level 9 in Axes
  2931 | D:4      | Reached XP level 7. HP: 12/58 MP: 1/6
  2934 | D:4      | Killed Dowan
  3236 | D:5      | Entered Level 5 of the Dungeon
  3299 | D:5      | Found an iron altar of Okawaru.
  3304 | D:5      | Became a worshipper of Warmaster Okawaru
  3377 | D:5      | Found a shimmering altar of Xom.
  3385 | D:5      | Reached skill level 10 in Axes
  3429 | D:5      | Reached skill level 11 in Axes
  3429 | D:5      | Reached XP level 8. HP: 45/66 MP: 7/7
  3433 | D:5      | Reached * piety under Okawaru
  3731 | D:5      | Found a transporter.
  3732 | D:5      | Found a transporter.
  3732 | D:5      | Noticed Unforgiven's ghost (amateur DECj)
  3735 | D:5      | Noticed a gargoyle
  3848 | D:5      | Found a sacrificial altar of Ru.
  4149 | D:6      | Reached skill level 12 in Axes
  4152 | D:6      | Identified the +4 dagger of Cheese {elec, rC+}
  4470 | D:6      | You fall into a shaft and drop 1 floor!
  4483 | D:7      | Noticed a dream sheep
  4490 | D:7      | Noticed a dream sheep
  4494 | D:7      | Killed a dream sheep
  4502 | D:7      | Killed a dream sheep
  4502 | D:7      | Noticed a dream sheep
  4503 | D:7      | Reached skill level 13 in Axes
  4505 | D:7      | Reached ** piety under Okawaru
  4514 | D:7      | Killed a dream sheep
  4515 | D:7      | Reached XP level 9. HP: 43/71 MP: 5/8
  4637 | D:7      | Reached skill level 14 in Axes
  4662 | D:6      | Noticed a manticore
  4680 | D:6      | Killed a manticore
  4945 | D:6      | Reached skill level 15 in Axes
  5051 | D:6      | Reached *** piety under Okawaru
  5526 | D:7      | Found a sparkling altar of Nemelex Xobeh.
  5571 | D:7      | Reached skill level 16 in Axes
  5923 | D:7      | Found a staircase to the Ecumenical Temple.
  6063 | D:7      | Reached **** piety under Okawaru
  6064 | D:7      | Reached XP level 10. HP: 78/78 MP: 9/9
  6067 | D:7      | Found the +5 robe of Night {Dark Will+ SInv}
  6154 | D:8      | Found a radiant altar of Vehumet.
  6258 | D:8      | Reached skill level 17 in Axes
  6314 | D:8      | Reached skill level 1 in Throwing
  6314 | D:8      | Reached skill level 1 in Invocations
  6462 | D:8      | Found a basalt altar of Yredelemnul.
  6983 | D:9      | Noticed a two-headed ogre
  6993 | D:9      | Killed a two-headed ogre
  7227 | D:9      | Reached skill level 5 in Invocations
  7230 | D:9      | Found a staircase to the Orcish Mines.
  7232 | D:9      | Reached skill level 5 in Throwing
  7237 | D:9      | Noticed a skeletal warrior
  7247 | D:9      | Reached ***** piety under Okawaru
  7273 | D:9      | Killed a skeletal warrior
  7287 | D:9      | Reached XP level 11. HP: 20/83 MP: 2/14
  7666 | D:9      | Noticed a two-headed ogre
  7672 | D:9      | Killed a two-headed ogre
  8053 | D:9      | Identified the +7 dagger of Objectivity {pain, Str+6}
  8138 | D:10     | Entered Level 10 of the Dungeon
  8172 | D:10     | Found a glowing golden altar of the Shining One.
  8188 | D:10     | Found an ancient bone altar of Kikubaaqudgha.
  8232 | D:10     | Received a gift from Okawaru
  8565 | D:10     | Reached skill level 5 in Fighting
  8565 | D:10     | Reached skill level 5 in Armour
  8568 | D:10     | Reached skill level 5 in Shields
  8708 | D:10     | Received a gift from Okawaru
  8864 | D:10     | Found a bloodstained altar of Trog.
  8882 | D:10     | Found Qoapteva's Assorted Antiques.
  8999 | D:10     | Found an opulent altar of Gozag.
  8999 | D:10     | Found a glowing silver altar of Zin.
  9418 | D:11     | Noticed a boulder beetle
  9452 | D:11     | Killed a boulder beetle
  9639 | D:11     | Noticed a purple ugly thing
  9647 | D:11     | Killed a purple ugly thing
  9683 | D:11     | Noticed a two-headed ogre
  9692 | D:11     | Killed a two-headed ogre
  9804 | D:11     | Found a staircase to the Lair.
 10017 | D:11     | Noticed Erolcha
 10021 | D:11     | Killed Erolcha
 10026 | D:11     | Noticed a two-headed ogre
 10030 | D:11     | Killed a two-headed ogre
 10353 | Lair:1   | Entered Level 1 of the Lair of Beasts
 10375 | Lair:1   | Reached XP level 12. HP: 101/101 MP: 15/15
 10410 | Lair:1   | Reached ****** piety under Okawaru
 10420 | Lair:1   | Received a gift from Okawaru
 10666 | Lair:1   | Noticed Erica
 10675 | Lair:1   | Killed Erica
 10675 | Lair:1   | Received a gift from Okawaru
 11178 | Lair:1   | Reached skill level 10 in Armour
 11183 | Lair:2   | Reached skill level 10 in Fighting
 11183 | Lair:2   | Reached skill level 10 in Shields
 11229 | Lair:2   | Received a gift from Okawaru
 11404 | Lair:2   | Noticed Nergalle
 11426 | Lair:2   | Killed Nergalle
 11700 | Lair:2   | Found an opulent altar of Gozag.
 11787 | Lair:2   | Noticed Amaemon
 11800 | Lair:2   | Killed Amaemon
 12246 | Lair:2   | Reached XP level 13. HP: 107/115 MP: 16/16
 12650 | Lair:3   | Found a staircase to the Swamp.
 12768 | Lair:3   | Identified the +1 crystal plate armour of Okawaru's Delight
                  | {Fly rCorr} (Okawaru gifted it to you on level 3 of the
                  | Lair of Beasts)
 12768 | Lair:3   | Received a gift from Okawaru
 13376 | Lair:3   | Found a hole to the Spider Nest.
 13409 | Lair:3   | Found a runed translucent door.
 13749 | Lair:3   | Noticed a minotaur
 13759 | Lair:3   | Killed a minotaur
 14693 | Lair:4   | Reached skill level 1 in Evocations
 14845 | Lair:4   | Found a viscous altar of Jiyva.
 14845 | Lair:4   | Found a staircase to the Slime Pits.
 15234 | Lair:5   | Entered Level 5 of the Lair of Beasts
 15447 | Lair:5   | Identified the +4 scale mail "Ubischu" {Harm rC- Dex+4
                  | SInv} (Okawaru gifted it to you on level 5 of the Lair of
                  | Beasts)
 15447 | Lair:5   | Received a gift from Okawaru
 15777 | Lair:5   | Reached XP level 14. HP: 98/126 MP: 18/18
 16080 | Lair:5   | Found a runed translucent door.
 16914 | Lair:5   | Reached skill level 5 in Evocations
 17712 | D:12     | Received a gift from Okawaru
 17712 | D:12     | Found the +18 Lear's hauberk
 18451 | D:12     | Noticed Azrael
 18453 | D:12     | Noticed a storm dragon
 18454 | D:12     | Noticed a fire giant
 18756 | D:11     | Identified a scroll of acquirement
 19240 | D:9      | Acquired 885 gold pieces
 19245 | Orc:1    | Entered Level 1 of the Orcish Mines
 19452 | Orc:2    | Entered Level 2 of the Orcish Mines
 19452 | Orc:2    | Found a staircase to the Elven Halls.
 19642 | Orc:2    | Paralysed by something for 5 turns
 19862 | Orc:2    | Found Zegal's Magic Scroll Shoppe.
 19870 | Orc:2    | Found Ytyataas's Distillery.
 19877 | Orc:2    | Found Meta's Antique Weapon Boutique.
 19890 | Orc:2    | Found Vuklu Tav's General Store.
 19921 | Orc:2    | Reached skill level 10 in Throwing
 19925 | Orc:2    | Reached skill level 10 in Invocations
 19931 | Orc:2    | Received a gift from Okawaru
 20151 | Orc:2    | Reached XP level 15. HP: 132/132 MP: 21/21
 20484 | Orc:1    | Found a shimmering altar of Xom.
 21098 | Elf:1    | Entered Level 1 of the Elven Halls
 21149 | Orc:2    | Bought a potion of heal wounds for 70 gold pieces
 21149 | Orc:2    | Bought 2 potions of resistance for 280 gold pieces
 21149 | Orc:2    | Bought a potion of heal wounds for 70 gold pieces
 21524 | Spider:1 | Entered Level 1 of the Spider Nest
 22353 | Spider:1 | HP: 2/132 [spark wasp (5)]
 22779 | Spider:1 | Received a gift from Okawaru
 23543 | Spider:2 | Reached skill level 18 in Axes
 23581 | Spider:2 | Received a gift from Okawaru
 23750 | Spider:2 | Reached skill level 1 in Dodging
 24131 | Spider:2 | Identified the +0 cloak of Dawn {rElec rPois SInv Stlth-}
                  | (Okawaru gifted it to you on level 2 of the Spider Nest)
 24131 | Spider:2 | Received a gift from Okawaru
 24513 | Spider:3 | Noticed Arachne
 24523 | Spider:3 | Killed Arachne
 24945 | Spider:3 | Found a hide-covered altar of Uskayaw.
 25580 | Spider:3 | Noticed Donald
 25601 | Spider:3 | Killed Donald
 26115 | Spider:3 | Noticed an emperor scorpion
 26129 | Spider:3 | Killed an emperor scorpion
 26138 | Spider:3 | Reached XP level 16. HP: 139/141 MP: 23/23
 26399 | Spider:4 | Entered Level 4 of the Spider Nest
 26566 | Spider:4 | Mangled by a boulder beetle

Illustrated notes

Levels and vault maps discovered:
D:1:      amcnicky_arrival_flooded_fountain, layout_basic
D:2:      layout_basic
D:3:      kennysheep_big_flooded_room, layout_rooms, old_standard_altar
D:4:      layout_basic, chequers_temple_overflow_statue_of_worship,
          uniq_duvessa, uniq_menkaure
D:5:      layout_loops_ring, xom_confusion_cloud, kennysheep_little_box,
          hangedman_ru_absence, gammafunk_ghost_arena, serial_bayou_pond_e,
          minivault_23, chequers_garden, minmay_misc_feat_diagonals,
          hangedman_abyss_or_decor_stagger, serial_bayou_pond_d
D:6:      layout_basic, minmay_divided_ellipse
D:7:      layout_cave_pools, amcnicky_altar_gilded,
          minmay_temple_entry_proselytizer, hellmonk_guarded_unrand_night
D:8:      layout_rooms, mainiacjoe_overflow_surrounded_room,
          vehumet_altar_wand_db
D:9:      layout_small_grid, zombieorc2_lemuel, dilly_guarded_unrand_morg
D:10:     layout_basic, grunt_temple_overflow_gold_and_silver,
          trog_ov_bears_minmay, lemuel_tele_altar, mainiacjoe_overflow_chevrons,
          serial_shops, shop
D:11:     layout_gridville, david_lair_generic, uniq_erolcha
D:12:     layout_loops_ring, serial_glass, glass_columns_c, glass_columns_b,
          feat_on_display, minmay_strange_pillars, due_unseen_surprise,
          wad_scary_box, uniq_azrael
Lair:1:   layout_misc_corridors, serial_bayou_shore_b, uniq_erica
Lair:2:   layout_hall_layers, lemuel_oklob_altar, uniq_amaemon, uniq_nergalle
Lair:3:   dreamdust_labyrinth, layout_chaotic_city, skrybe_swamp_entry_bodies,
          spider_nest_entry_rubble, beast_lair_carwin_11, serial_bayou_shore_b,
          serial_bayou_shore_b
Lair:4:   layout_regular_city, slime_entry_1
Lair:5:   guppyfry_lair_end_dragon, layout_loops_ring, wormcave,
          serial_bayou_pond_b, grunt_forest_stairs_basic, lemuel_fruit_fields
Spider:1: gammafunk_boulding_lane
Spider:2: layout_spider_delve, portal_ice_cave_entry_ice_statue_two
Spider:3: layout_chambers, nicolae_spider_altar_of_dancing, uniq_arachne,
          uniq_donald
Spider:4: hellmonk_spider_rune_bug_friends
Orc:1:    layout_diamond_mine, basic_altar, enter_volcano_4, minmay_orc_temple_c
Orc:2:    st_orc_open, layout_diamond_mine
Elf:1:    minmay_elf_arrival_plus, layout_onion_city,
          kennysheep_underground_church, minivault_13

Skill      XL: |  1  2  3  4  5  6  7  8  9 10 11 12 13 14 15 16 |
---------------+-------------------------------------------------+-----
Axes           | 3 4 5 7 9 11 13 16 17 18 | 18.0
Throwing       | 5 6 7 10 | 10.0
Invocations    | 5 6 7 10 11 12 | 12.1
Fighting       | 7 10 12 13 | 13.2
Armour         | 8 10 12 13 | 13.2
Shields        | 7 10 12 13 | 13.2
Evocations     | 3 7 8 |  8.0
Dodging        | 3 4 |  4.7

Action                     |  1- 3 |  4- 6 |  7- 9 | 10-12 | 13-15 | 16-18 || total
---------------------------+-------+-------+-------+-------+-------+-------++-------
  Melee: War axe           |    78 |   105 |   231 |   374 |       |       ||   788
         Headbutt          |    11 |    13 |    34 |   131 |   266 |    15 ||   470
         Broad axe         |       |       |       |   264 |  1210 |    92 ||  1566
  Throw: Javelin           |       |       |       |       |     6 |       ||     6
         Stone             |       |       |       |       |     5 |       ||     5
 Invoke: Heroism           |       |       |       |     2 |     6 |     1 ||     9
         Finesse           |       |       |       |     1 |     7 |     1 ||     9
  Evoke: Wand              |       |       |       |       |     3 |       ||     3
    Use: Scroll            |       |     3 |     4 |     2 |    22 |     1 ||    32
         Potion            |       |       |     1 |     5 |     8 |       ||    14
   Stab: Distracted        |       |     1 |       |       |     1 |       ||     2
 Armour: Scale mail        |    35 |       |       |       |       |       ||    35
         Chain mail        |     5 |    67 |    44 |       |       |       ||   116
         Plate armour      |       |       |    86 |   375 |    45 |       ||   506
         Crystal plate arm |       |       |       |       |   699 |    83 ||   782
  Dodge: Dodged            |    36 |    38 |    61 |   246 |   165 |    31 ||   577
  Block: Buckler           |    24 |    25 |    32 |    55 |       |       ||   136
         Kite shield       |       |       |       |   138 |   935 |   135 ||  1208
         Reflection        |       |       |       |       |     4 |       ||     4

Table legend: (Time is in decaauts)
 A = Elapsed time spent in this place.
 B = Non-inter-level travel time spent in this place.
 C = Inter-level travel time spent in this place.
 D = Time resting spent in this place.
 E = Time spent auto-exploring this place.
 F = Levels seen in this place.
 G = Mean time per level.
                   A        B        C        D        E       F      G
               +--------+--------+--------+--------+--------+-----+--------+
         Total |  26255 |  25148 |   1107 |   5900 |   7967 |  24 | 1094.0 |
       Dungeon |  12055 |  11487 |    568 |   1875 |   5011 |  12 | 1004.6 |
          Lair |   7727 |   7398 |    329 |   2012 |   2211 |   5 | 1545.4 |
   Spider Nest |   4551 |   4459 |     92 |   1777 |    464 |   4 | 1137.8 |
  Orcish Mines |   1920 |   1802 |    118 |    235 |    281 |   2 |  960.0 |
   Elven Halls |      1 |      1 |      0 |      0 |      0 |   1 |    1.0 |
               +--------+--------+--------+--------+--------+-----+--------+

Top non-repeatable levels by time:
  Lair:5: 2262 daAuts
  Lair:3: 1987 daAuts
Spider:3: 1917 daAuts
Spider:1: 1801 daAuts
    D:11: 1439 daAuts
  Lair:2: 1417 daAuts
    D:10: 1258 daAuts
     D:9: 1216 daAuts
  Lair:4: 1183 daAuts
     D:6: 1182 daAuts
    D:12: 1156 daAuts
   Orc:2: 1036 daAuts
     D:5: 918 daAuts
     D:1: 892 daAuts
   Orc:1: 883 daAuts
